 Dungeon Crawl Stone Soup version 0.25-a0-591-g2ad0d861f1 (webtiles) character file.

Game seed: 11745088077670720103, levelgen mode: deterministic

2408 tilp the Cleaver (level 9, -11/75 HPs)
             Began as a Hill Orc Monk on Mar 14, 2020.
             Was a Priest of Beogh.
             Mangled by an orc warrior
             ... wielding a +0 morningstar of draining
              (23 damage)
             ... on level 6 of the Dungeon.
             The game lasted 00:13:18 (6755 turns).

tilp the Cleaver (Hill Orc Monk)                    Turns: 6755, Time: 00:13:18

Health: -11/75     AC: 13    Str: 17    XL:     9   Next: 47%
Magic:  11/12      EV:  4    Int: 10    God:    Beogh [***...]
Gold:   340        SH:  0    Dex: 13    Spells: 8/8 levels left

rFire    . . .     SeeInvis +   a - +1 war axe
rCold    . . .     Gourm    .   (no shield)
rNeg     . . .     Faith    .   i - +0 plate armour
rPois    +         Spirit   .   (no helmet)
rElec    .         Reflect  .   l - +2 cloak
rCorr    .         Harm     .   (no gloves)
MR       .....                  (no boots)
Stlth    ..........             (no amulet)
HPRegen  0.22/turn              t - ring of see invisible
MPRegen  0.13/turn              z - ring of poison resistance

@: extremely drained
A: no striking features
a: Smiting, Renounce Religion


You were on level 6 of the Dungeon.
You worshipped Beogh.
Beogh was most pleased with you.
You were not hungry.

You visited 1 branch of the dungeon, and saw 6 of its levels.
You also visited: Ossuary.

You collected 340 gold pieces.

Inventory:

Hand Weapons
 a - a +1 war axe (weapon)
 C - a +0 battleaxe
Missiles
 e - 274 stones
 f - 6 poisoned darts (quivered)
 o - 2 boomerangs
 p - 103 sling bullets
Armour
 i - a +0 plate armour (worn)
 l - a +2 cloak (worn)
 y - a scarf of repulsion
Jewellery
 t - a ring of see invisible (left hand)
 z - a ring of poison resistance (right hand)
 A - an uncursed amulet of magic regeneration
Wands
 d - a wand of flame (15)
Scrolls
 b - a scroll of remove curse
 g - 3 scrolls of teleportation
 j - 5 scrolls of immolation
 k - a scroll of enchant armour
 n - 2 scrolls of blinking
 v - 3 scrolls of fear
Potions
 h - 3 potions of stabbing
 q - 2 potions of haste
 r - 2 potions of curing
 s - 2 potions of brilliance
 u - 2 potions of degeneration {unknown}
 w - a potion of invisibility {unknown}
 x - a potion of resistance {unknown}
 B - a potion of cancellation {unknown}
Comestibles
 c - 14 rations


   Skills:
 - Level 6.0(0.0) Fighting
 * Level 13.6(4.2) Axes
 - Level 4.0(0.0) Armour
 - Level 2.4(0.0) Dodging
 - Level 1.5(0.0) Stealth
 - Level 4.5(0.0) Invocations


You had 8 spell levels left.
You didn't know any spells.
Your spell library was empty.

Dungeon Overview and Level Annotations

Branches:
Dungeon (6/15)             Temple (0/1) D:6         Ossuary (visited)

Altars:
Elyvilon
Ru
Xom


Message History

The orc warrior is moderately wounded.
The orc warrior barely misses you.
You slash the orc warrior!
The orc warrior is heavily wounded.
The orc warrior barely misses you.
You closely miss the orc warrior.
The orc warrior is heavily wounded.
The orc warrior hits you with a +0 morningstar of draining!
* * * LOW HITPOINT WARNING * * *
You feel drained.
* * * LOW HITPOINT WARNING * * *
You hit the orc warrior but do no damage.
The orc warrior is heavily wounded.
The orc warrior hits you but does no damage.
You feel drained.
You hit the orc warrior.
The orc warrior is severely wounded.
The orc warrior hits you with a +0 morningstar of draining!!
You die...
Beogh appreciates the orc warrior's killing of a heretic priest.

.### ##..####..##
.'.#########.......<##
)#.#...............##
.#.................#
###..########.....##
#.)## ##....# #...##
##....# #....###
###...o.#
.###..รท.###.....@.#
.# ###............# ##
##...........# ###
#...........+ ..##
##...........#
...###..####......#
....#..## #......#
......## #......#
.....## ......#


You could see an orc warrior.

Vanquished Creatures
  Grinder (D:5)
  2 hippogriffs
  A phantom (D:4)
  2 ogres
  2 bullfrogs (D:6)
  4 water moccasin zombies (Ossuary)
  2 scorpions
  9 wights (D:6)
  3 hounds
  A jelly (D:6)
  3 orc priests
  2 bullfrog skeletons (D:5)
  5 orc wizards
  4 worker ants
  2 big kobold zombies (Ossuary)
  2 hound skeletons (D:5)
  3 mummies
  A worker ant zombie (D:5)
  5 adders
  A gnoll (D:1)
  An ooze (D:3)
  2 adder skeletons
  3 adder zombies (Ossuary)
  4 worms
  3 dart slugs
  2 leopard geckos
  13 orcs
  10 bats
  6 giant cockroaches
  A gnoll zombie (Ossuary)
  8 goblins
  6 hobgoblins
  10 jackals
  3 quokkas
  A ball python (D:5)
  3 frilled lizards
  4 hobgoblin zombies (Ossuary)
  12 kobolds
  3 kobold zombies (Ossuary)
  A leopard gecko skeleton (D:4)
  5 orc zombies
  8 rats
164 creatures vanquished.

Vanquished Creatures (collateral kills)
  2 jackals (D:6)
2 creatures vanquished.

Vanquished Creatures (others)
  An ogre (D:5)
  A crimson imp (D:4)
  A hound (D:5)
  2 adders
  A leopard gecko (D:5)
  4 orcs
10 creatures vanquished.

Grand Total: 176 creatures vanquished

Notes
Turn   | Place    | Note
-------+----------+-------------------------------------------
     0 | D:1      | tilp the Hill Orc Monk began the quest for the Orb.
     0 | D:1      | Reached XP level 1. HP: 19/19 MP: 1/1
   136 | D:1      | Reached XP level 2. HP: 19/27 MP: 2/2
   524 | D:1      | Reached skill level 1 in Armour
   911 | D:1      | Reached XP level 3. HP: 25/33 MP: 3/3
   928 | D:1      | Reached skill level 5 in Axes
  1163 | D:2      | Noticed an ice beast
  1306 | D:1      | Reached XP level 4. HP: 14/41 MP: 4/4
  1872 | D:2      | Reached XP level 5. HP: 45/47 MP: 5/5
  1904 | D:2      | Reached skill level 6 in Axes
  2766 | D:3      | Found a faded altar of an unknown god.
  3001 | D:3      | Found a white marble altar of Elyvilon.
  3230 | D:3      | Found a sacrificial altar of Ru.
  3317 | D:4      | Noticed a phantom
  3365 | D:4      | Killed a phantom
  3365 | D:4      | Reached skill level 5 in Fighting
  3365 | D:4      | Reached skill level 7 in Axes
  3365 | D:4      | Reached XP level 6. HP: 35/56 MP: 6/6
  3605 | D:4      | Became a worshipper of Beogh the Brigand
  3605 | D:4      | Reached * piety under Beogh
  3605 | D:4      | Reached ** piety under Beogh
  3632 | D:4      | Noticed a hippogriff
  3657 | D:4      | Killed a hippogriff
  3657 | D:4      | Reached skill level 8 in Axes
  3657 | D:4      | Reached XP level 7. HP: 32/62 MP: 0/7
  3897 | D:4      | HP: 3/63 [orc priest/divine providence (14)]
  4221 | D:4      | Reached skill level 9 in Axes
  4660 | D:5      | Entered Level 5 of the Dungeon
  4718 | D:5      | Reached skill level 1 in Invocations
  4718 | D:5      | Reached XP level 8. HP: 51/70 MP: 7/9
  4833 | D:5      | Reached skill level 10 in Axes
  4853 | D:5      | Found a sand-covered staircase.
  4870 | Ossuary  | Entered an ossuary
  5507 | D:5      | Found a shimmering altar of Xom.
  5544 | D:5      | Noticed a hippogriff
  5551 | D:5      | Killed a hippogriff
  5551 | D:5      | Reached skill level 11 in Axes
  5561 | D:5      | Noticed Grinder
  5600 | D:5      | Paralysed by Grinder for 3 turns
  5611 | D:5      | Paralysed by Grinder for 2 turns
  5619 | D:5      | Killed Grinder
  5619 | D:5      | Reached skill level 12 in Axes
  5619 | D:5      | Reached XP level 9. HP: 35/75 MP: 12/12
  6081 | D:6      | Reached *** piety under Beogh
  6217 | D:6      | Found a staircase to the Ecumenical Temple.
  6224 | D:6      | Reached skill level 13 in Axes
  6402 | D:6      | HP: 3/75 [orc warrior/+0 morningstar of draining (7)]
  6402 | D:6      | HP: 1/75 [orc wizard/magic dart (2)]
  6411 | D:6      | HP: 2/75 [orc warrior/+0 morningstar of draining (8)]
  6755 | D:6      | Mangled by an orc warrior

Levels and vault maps discovered:
D:1:      psy_arrival_radial01, layout_basic
D:2:      layout_loops_cross, dk_noncrumbling_4
D:3:      layout_loops_ring, elyvilon_altar_5, nicolae_ru_the_path_less_chosen,
          serial_glass, glass_columns_a, glass_columns_a,
          chequers_ecumenical_altar_twisty, first_ration
D:4:      layout_rooms
D:5:      layout_basic, xom_confusion_cloud, nicolae_ossuary_entry_giza,
          uniq_grinder
D:6:      layout_layer_cave, minmay_temple_entry_hall, serial_glass,
          glass_columns_a, glass_columns_b, kennysheep_generic_room_2

Skill      XL: |  1  2  3  4  5  6  7  8  9 |
---------------+----------------------------+-----
Armour         | 1 2 3 4 |  4.0
Fighting       | 4 5 6 |  6.0
Axes           | 5 7 8 9 12 13 | 13.6
Invocations    | 1 4 |  4.5
Dodging        | |  2.4
Stealth        | |  1.5

Action                   |  1- 3 |  4- 6 |  7- 9 || total
-------------------------+-------+-------+-------++-------
Melee: Hand axe          |   136 |    80 |       ||   216
       War axe           |       |   119 |   361 ||   480
Throw: Dart              |       |     1 |     2 ||     3
Invok: Smiting           |       |     2 |     1 ||     3
       Convert to Beogh  |       |     1 |       ||     1
Evoke: Wand              |       |       |    12 ||    12
  Use: Scroll            |     1 |     5 |    10 ||    16
       Potion            |       |       |     6 ||     6
 Stab: Sleeping          |     4 |       |       ||     4
  Eat: Chunk             |     1 |     8 |     7 ||    16
       Ration            |       |       |     1 ||     1
Armor: Robe              |    12 |       |       ||    12
       Plate armour      |    86 |   139 |   263 ||   488
Dodge: Dodged            |    58 |    58 |    91 ||   207

Table legend:
 A = Non-vault XP
 B = Vault XP
 C = Vault XP percentage of total XP
 D = Non-vault monster count
 E = Vault monster count
 F = Vault count percentage of total count
                 A         B        C        D         E       F
            +---------+---------+-------+---------+---------+-------
      Total |    2672 |     769 |  22.3 |     135 |      31 |  18.7
            +---------+---------+-------+---------+---------+-------
        D:1 |      94 |       0 |   0.0 |      25 |       0 |   0.0
        D:2 |     160 |       0 |   0.0 |      26 |       0 |   0.0
        D:3 |      37 |       0 |   0.0 |      17 |       0 |   0.0
        D:4 |     854 |       0 |   0.0 |      29 |       0 |   0.0
        D:5 |     582 |     354 |  37.8 |      18 |       9 |  33.3
        D:6 |     945 |       0 |   0.0 |      20 |       0 |   0.0
    Ossuary |       0 |     415 | 100.0 |       0 |      22 | 100.0
            +---------+---------+-------+---------+---------+-------
